 Dungeon Crawl Stone Soup version 0.18-a0-846-g91b95b1 (webtiles) character file.

211 Raultor the Insei (level 5, -1/45 HPs)
             Began as a Draconian Transmuter on Dec 20, 2015.
             Slain by an orc priest (2 damage)
             ... on level 3 of the Dungeon.
             The game lasted 00:06:44 (3047 turns).

Raultor the Insei (Draconian Transmuter)            Turns: 3047, Time: 00:06:44

Health: -1/45      AC:  5    Str: 12    XL:     5   Next: 57%
Magic:  8/8        EV: 13    Int: 13    God:
Gold:   131        SH:  0    Dex: 13    Spells: 2 memorised, 5 levels left

rFire  . . .     SeeInvis .       - Unarmed
rCold  . . .     Gourm    .     (armour unavailable)
rNeg   . . .     Faith    .     (no shield)
rPois  .         Spirit   .     (helmet restricted)
rElec  .         Dismiss  .     (no cloak)
rCorr  .         Reflect  .     (no gloves)
SustAt .         Harm     .     (no boots)
MR     .....                    (no amulet)
Stlth  +.........               (no ring)
                                (no ring)

@: not resistant to hostile enchantments, very unstealthy
A: unfitting armour, cold-blooded, AC +5
a: no special abilities


You were on level 3 of the Dungeon.
You were not hungry.

You visited 1 branch of the dungeon, and saw 3 of its levels.

You collected 131 gold pieces.

Inventory:

Missiles
 a - 29 arrows
Scrolls
 d - 2 scrolls of fear {unknown}
 e - 2 scrolls of teleportation {unknown}
 g - 5 scrolls of identify {unknown}
 h - a scroll of magic mapping {unknown}
 i - 4 scrolls of remove curse {unknown}
 l - a scroll of enchant weapon {unknown}
 m - a scroll of immolation {unknown}
Potions
 f - 3 potions of curing {unknown}
 j - a potion of brilliance {unknown}
 k - a potion of resistance {unknown}
Books
 b - a book of Changes
Comestibles
 c - 2 bread rations {@e1}
 n - 2 chunks of flesh {@w0}
 o - a royal jelly
 p - a meat ration {@e2}


   Skills:
 + Level 3.1 Fighting
 + Level 2.8 Dodging
 + Level 4.1 Unarmed Combat
 - Level 2.0 Spellcasting
 * Level 3.5 Transmutations


You had 5 spell levels left.
You knew the following spells:

 Your Spells              Type           Power        Failure   Level  Hunger
a - Beastly Appendage     Trmt           ##....       8%          1    ##.....
s - Sticks to Snakes      Trmt           ##......     10%         2    ###....


Dungeon Overview and Level Annotations

Branches:
Dungeon (3/15)

Altars:
Dithmenos
Elyvilon
Makhleb
Pakellas
Qazlal
Trog


Innate Abilities, Weirdness & Mutations

Your plain brown scales are hard (AC +5).
Your body does not fit into most forms of armour.
You are cold-blooded and may be slowed by cold attacks.


Message History

The jackal barely misses you.
A jackal comes into view.
You closely miss the jackal.
Your tail-slap misses the jackal.
The jackal closely misses you.
The jackal bites you but does no damage.
You hit the jackal.
Your tail-slap misses the jackal.
The jackal misses you. The jackal barely misses you.
You hit the jackal.
You kill the jackal!
The jackal closely misses you. The jackal barely misses you.
You hit the jackal.
The jackal bites you but does no damage.
The jackal misses you.
You hit the jackal but do no damage. The jackal closely misses you.
The jackal bites you but does no damage.
You hit the jackal but do no damage. The jackal misses you.
The jackal closely misses you. x3
You barely miss the jackal. You tail-slap the jackal.
You kill the jackal!
The jackal closely misses you.
You barely miss the jackal.
The jackal bites you but does no damage.
You barely miss the jackal. You tail-slap the jackal. The jackal bites you.
You take 2 damage, and have 42/44 hp.
You punch the jackal!
You kill the jackal!
No target in view!
You now have 131 gold pieces (gained 17).
p - a meat ration {@e2} Some of the chunks of flesh in your inventory have rotted away.
e - 2 scrolls labeled COFOUZXOQE (gained 1) As you open the door, it creaks loudly!
An orc, 2 orc priests and an orc wizard come into view.
The orc wizard shouts!
The orc priest shouts!
The orc shouts!
Found a glowing amethyst potion and a yellow potion.
Found a stone staircase leading down.
Health restored: 44 The orc wizard casts a spell at you.
The puff of flame hits you!
You take 1 damage, and have 43/44 hp.
You hit the orc priest. The orc priest hits you.
You take 1 damage, and have 42/44 hp.
You barely miss the orc priest.
The orc priest miscasts a cantrip.
You hit the orc priest.
Your tail-slap misses the orc priest.
The orc priest completely misses you.
You hit the orc priest. You hit the orc but do no damage.
The orc priest miscasts a cantrip.
You hit the orc but do no damage.
Your tail-slap misses the orc.
The orc hits you but does no damage.
You hit the orc.
You kill the orc!
A rat comes into view.
You hit the orc priest but do no damage.
You punch the orc priest. The orc priest closely misses you.
You hit the orc priest. The orc priest hits you with a flail.
You take 2 damage, and have 41/44 hp.
You closely miss the orc priest. The orc priest hits you with a flail!
You take 7 damage, and have 34/44 hp.
You hit the orc priest. You hit the orc priest.
Your tail-slap misses the orc priest.
The orc priest closely misses you.
You hit the orc priest.
You kill the orc priest!
Your Fighting skill increases to level 3!
Your Unarmed Combat skill increases to level 4!
The orc priest calls down the wrath of Beogh upon you.
Something smites you!
You take 11 damage, and have 24/45 hp.
MASSIVE DAMAGE!!
You hit the orc wizard.
Your tail-slap misses the orc wizard.
The orc wizard hits you but does no damage.
You barely miss the orc wizard. You tail-slap the orc wizard.
The orc wizard hits you but does no damage.
You hit the orc wizard. The orc wizard closely misses you.
You hit the orc wizard. You tail-slap the orc wizard.
The orc wizard barely misses you.
You barely miss the orc wizard. The orc wizard hits you with a dagger.
You take 4 damage, and have 20/45 hp.
You hit the orc wizard.
You kill the orc wizard!
You hit the orc priest but do no damage.
The orc priest hits you.
You take 3 damage, and have 17/45 hp.
You barely miss the orc priest.
The orc priest calls down the wrath of Beogh upon you.
Pain shoots through your body!
* * * LOW HITPOINT WARNING * * *
You take 11 damage, and have 6/45 hp.
MASSIVE DAMAGE!!
You closely miss the orc priest. The orc priest hits you.
* * * LOW HITPOINT WARNING * * *
You take 2 damage, and have 4/45 hp.
You closely miss the orc priest. The orc priest hits you.
* * * LOW HITPOINT WARNING * * *
You take 3 damage, and have 1/45 hp.
You barely miss the orc priest. Your punch misses the orc priest.
The orc priest hits you.
You die...

.......##....# ..#
#..........## .#
#.........## ..
#........## ...
###.##...# ....
#.#...## ...!.
###.....###>.....
..........@or.....
####....####......
#...... .....
#..####. .!.. #..
. ... #.. # +# #.


You could see an orc priest and a rat.

Vanquished Creatures
  A hound (D:2)
  An orc priest (D:3)
  An orc wizard (D:3)
  6 adders
  3 worms (D:2)
  A giant gecko (D:2)
  3 orcs (D:3)
  5 bats
  6 giant cockroaches
  9 hobgoblins
  A giant newt (D:2)
  5 goblins
  5 jackals
  8 kobolds
  9 rats
64 creatures vanquished.

Notes
Turn   | Place    | Note
--------------------------------------------------------------
     0 | D:1      | Raultor the Draconian Transmuter began the quest for the Orb.
     0 | D:1      | Reached XP level 1. HP: 16/16 MP: 3/3
    37 | D:1      | Reached skill level 2 in Dodging
   275 | D:1      | Reached XP level 2. HP: 18/23 MP: 5/5
   628 | D:1      | Learned a level 2 spell: Sticks to Snakes
   906 | D:1      | Reached XP level 3. HP: 13/29 MP: 6/6
  1476 | D:1      | Reached skill level 2 in Fighting
  1889 | D:2      | Reached XP level 4. HP: 12/36 MP: 7/7
  1895 | D:2      | HP: 9/36 [poisoned by an adder]
  1901 | D:2      | HP: 7/36 [poisoned by an adder]
  1909 | D:2      | HP: 6/36 [poisoned by an adder]
  2168 | D:2      | Noticed a moth of wrath
  2172 | D:2      | Found a bloodstained altar of Trog.
  2329 | D:2      | Found a burning altar of Makhleb.
  2345 | D:2      | Reached skill level 3 in Transmutations
  2371 | D:2      | Found an oddly glowing altar of Pakellas.
  2372 | D:2      | Noticed a rakshasa
  2410 | D:2      | Found a stormy altar of Qazlal.
  2689 | D:2      | Found a shadowy altar of Dithmenos.
  2689 | D:2      | Found a white marble altar of Elyvilon.
  2833 | D:3      | Reached XP level 5. HP: 41/44 MP: 8/8
  3036 | D:3      | Reached skill level 3 in Fighting
  3036 | D:3      | Reached skill level 4 in Unarmed Combat
  3044 | D:3      | HP: 6/45 [orc priest/nerve-wracking pain (11)]
  3046 | D:3      | HP: 1/45 [orc priest (3)]
  3047 | D:3      | Slain by an orc priest

Vault maps used:
D:1:      dpeg_arrival_simpleton_b
D:2:      tgw_trog, makhleb_heckhound_becter, lemuel_crystal_altar,
          gammafunk_pakellas_cloud_experiment, gammafunk_temple_overflow_statue,
          kennysheep_generic_room_14
D:3:      tso_oasis_becter, nicolae_overflow_hidden_temple, first_bread,
          bh_chokoban, yredelemnul_altar_generic

Action                   |  1- 3 |  4- 6 || total
-------------------------+-------+-------++-------
Melee: Unarmed           |   206 |   111 ||   317
 Cast: Sticks to Snakes  |     2 |       ||     2
 Stab: Distracted        |     1 |     1 ||     2
  Eat: Chunk             |     3 |     4 ||     7

Vault maps used:
D:1:      dpeg_arrival_simpleton_b
D:2:      tgw_trog, makhleb_heckhound_becter, lemuel_crystal_altar,
          gammafunk_pakellas_cloud_experiment, gammafunk_temple_overflow_statue,
          kennysheep_generic_room_14
D:3:      tso_oasis_becter, nicolae_overflow_hidden_temple, first_bread,
          bh_chokoban, yredelemnul_altar_generic

Table legend:
 A = Turns spent in this place as a percentage of turns spent in the entire game.
 B = Non-inter-level travel turns spent in this place as a percentage of non-inter-level travel turns spent in the entire game.
 C = Inter-level travel turns spent in this place as a percentage of turns spent in this place.
 D = Turns resting spent in this place as a percentage of non-inter-level travel turns spent in this place.
 E = Turns spent auto-exploring this place as a percentage of non-inter-level travel turns spent in this place.
 F = Non-inter-level travel turns spent in this place divided by the number of levels of this place that you've seen.
                   A       B       C       D       E      F
               +-------+-------+-------+-------+-------+----------------------
         Total | 100.0 | 100.0 |   0.3 |   3.1 |   8.6 | 248.3
       Dungeon | 100.0 | 100.0 |   0.3 |   3.1 |   8.6 | 248.3
               +-------+-------+-------+-------+-------+----------------------

Table legend:
 A = Kills in this place as a percentage of kills in entire the game.
 B = Kills by you in this place as a percentage of kills by you in the entire game.
 C = Kills by friends in this place as a percentage of kills by friends in the entire game.
 D = Other kills in this place as a percentage of other kills in the entire game.
 E = Experience gained in this place as a percentage of experience gained in the entire game.
 F = Experience gained in this place divided by the number of levels of this place that you have seen.
                   A       B       C       D       E      F
               +-------+-------+-------+-------+-------+----------------------
         Total | 100.0 | 100.0 |  -nan |  -nan | 100.0 | 100.7
       Dungeon | 100.0 | 100.0 |  -nan |  -nan | 100.0 | 100.7
               +-------+-------+-------+-------+-------+----------------------
